[Event "Live Chess"]
[Site "Chess.com"]
[Date "2023.05.20"]
[Round "-"]
[White "Doge_Dandolo"]
[Black "FlyingChessKestrel13"]
[Result "1-0"]
[WhiteElo "2037"]
[BlackElo "2123"]
[TimeControl "300"]
[EndTime "13:14:28 PDT"]
[Termination "Doge_Dandolo won by resignation"]

1. Nf3 d5 2. c4 d4 3. b4 a5 4.
Qa4+ Bd7 5. b5 c5 6. g3 Nf6 7.
Bg2 Qc8 8. d3 e6 9. Bg5 Be7 10.
Nbd2 O-O 11. O-O Ra7 12. Bxf6 Bxf6 13. Ne4 Be7 14. Rfe1 b6 15. e3 dxe3 16. Rxe3 f6 17. Qc2 e5 18. Nc3 Be6 19. Nd2 Rd8 20. Nd5 Kh8 21. Rae1 Bxd5 22. Bxd5 Nd7 23. f4 Qc7 24. Ne4 exf4 25. gxf4 Qxf4 26. Qg2 Ne5 27. Rg3 Bf8 28.
Rf1 Qh6 29. Rh3 1-0

[Event "Live Chess"]
[Site "Chess.com"]
[Date "2023.05.20"]
[Round "-"]
[White "Enhard"]
[Black "rideuv21"]
[Result "1/2-1/2"]
[WhiteElo "1468"]
[BlackElo "1814"]
[TimeControl "300"]
[EndTime "13:14:29 PDT"]
[Termination "Game drawn - insufficient material"]

1. d4 c5 2. Nf3 cxd4 3. Qxd4 Nc6 4. Qd1 g6 5. Bf4 Bg7 6. c3 Nf6 7. e3 O-O 8. Be2 d5 9. O-O Re8 10. h3 e5 11. Bh2 Bf5 12. Nbd2 Rc8 13. Bb5 Nd7 14.
Bxc6 Rxc6 15. Nb3 b6 16. Qxd5 Qc7 17. Qd1 Nc5 18. Nxc5 Rxc5 19. Qb3 Qb7 20. Rad1 Be6 21. Qb4 a5 22. Qa3 Bd5 23. Nd2 Bxg2 24. Rfe1 Bxh3 25. f3 Qe7 26. Ne4 Rc4 27. Qxe7 Rxe7 28. Rd8+ Bf8 29.
Nf6+ Kg7 30. Ne8+ Kh6 31. f4 exf4 32. Bxf4+ Rxf4 33. exf4 Rxe1+ 34. Kf2 Re7 35. Nf6 Bg7 36. Ng8+ Kh5 37. Rd5+ f5 38. Nxe7 Kg4 39. Rd1 Kxf4 40.
Nd5+ Kg5 41. Rg1+ Kh4 42. Rh1 g5 43. Ne3 f4 44. Nf5+ Kg4 45. Nxg7 h5 46. Nxh5 Kxh5 47. Rxh3+ Kg6 48. Rh8 g4 49. Rg8+ Kf5 50. Rf8+ Ke4 51.
Re8+ Kd3 52. Rf8 f3 53. Rf4 Kc2 54. Rxg4 Kxb2 55. Kxf3 Kxa2 56. Rg6 Kb3 57. Rxb6+ Kxc3 58. Ra6 Kb4 59. Rxa5 Kxa5 1/2-1/2

[Event "Live Chess"]
[Site "Chess.com"]
[Date "2023.05.20"]
[Round "-"]
[White "Woodpusher500"]
[Black "Conradical12"]
[Result "0-1"]
[WhiteElo "1254"]
[BlackElo "1579"]
[TimeControl "300"]
[EndTime "13:14:29 PDT"]
[Termination "Conradical12 won by resignation"]

1. e4 e5 2. Nc3 Nc6 3. Bc4 Nf6 4. d3 Bc5 5. Bg5 h6 6. Bh4 O-O 7. Nd5 d6 8. Nxf6+ gxf6 9. Nf3 Kh7 10. Qd2 Rg8 11. g3 Bg4 12. Ng1 Rg7 13. Ne2 Bxe2 14.
Qxe2 Nd4 15. Qd2 Nf3+ 16. Ke2 Nxd2 17. Kxd2 b5 18. Rag1 bxc4 19. dxc4 c6 20. g4 Qa5+ 21. c3 Qxa2 22. Kc2 Qa4+ 23. Kd3 Rg6 24. h3 d5 25. exd5 cxd5 26. Ke2 Qxc4+ 27. Kd2 d4 28. Rc1 dxc3+ 29.
Rxc3 Bb4 30. Kc2 Bxc3 31. bxc3 Rc8 32. Kd2 Qxc3+ 0-1

[Event "Live Chess"]
[Site "Chess.com"]
[Date "2023.05.20"]
[Round "-"]
[White "chekagain"]
[Black "BostonStrangler"]
[Result "0-1"]
[WhiteElo "814"]
[BlackElo "2043"]
[TimeControl "300"]
[EndTime "13:14:41 PDT"]
[Termination "BostonStrangler won by checkmate"]

1. e4 c5 2. Nf3 g6 3. d4 cxd4 4. Nxd4 Nc6 5. Nf3 Bg7 6. Bb5 Nf6 7. Nc3 O-O 8. Be3 Nxe4 9. Nxe4 Qa5+ 10. Nc3 Bxc3+ 11. bxc3 Qxb5 12. Nd4 Qc4 13. Nxc6 dxc6 14. Qd4 Be6 15. Bh6 Qxd4 16. cxd4 Rfd8 17. O-O-O Rd5 18. a3 a5 19. Kb2 a4 20. Kc3 b5 21. Kb4 Rad8 22.
c3 Bf5 23. h3 Bc2 24. Rd2 Bb3 25. g4 e5 26. Rhd1 Bxd1 27. Rxd1 exd4 28. cxd4 Rxd4+ 29. Rxd4 Rxd4+ 30. Kc3 Rc4+ 31. Kd3 f6 32. Ke3 Kf7 33. f4 Rc3+ 34. Kd4 Rxa3 35. Kc5 Rxh3 36. Kxc6 Rxh6 37. Kxb5 a3 38. Ka4 a2 39. Kb3 a1=Q 40. f5 gxf5 41. gxf5 Rh3+ 42. Kc2 Qa2+ 43. Kc1 Rh1# 0-1

[Event "Live Chess"]
[Site "Chess.com"]
[Date "2023.05.20"]
[Round "-"]
[White "stevochess11"]
[Black "Richardallis"]
[Result "0-1"]
[WhiteElo "1787"]
[BlackElo "1841"]
[TimeControl "300"]
[EndTime "13:14:45 PDT"]
[Termination "Richardallis won by resignation"]

1. d4 c5 2. Nf3 cxd4 3. Nxd4 e5 4.
Nf5 d5 5. Ne3 Be6 6. c4 d4 7.
Nd5 Bxd5 8. cxd5 Qxd5 9. Nd2 Nc6 10. e4 dxe3 11. fxe3 Bc5 12. Bc4 Qd6 13. O-O Bxe3+ 14.
Kh1 Nf6 15. Nf3 Qxd1 16. Rxd1 Bxc1 17. Raxc1 O-O 18. Ng5 h6 19. Nxf7 Rxf7 20. Bxf7+ Kxf7 21. Rf1 Ke6 22. Rce1 Re8 23. h3 e4 24. g4 Nd4 25.
Re3 Kd5 26. Ra3 a6 27. Ra5+ Kd6 28. Rd1 e3 29. Rxd4+ Kc6 30. Rc4+ Kb6 31. Rf5 e2 32. Rb4+ Ka7 33. Rc5 e1=Q+ 34. Kh2 Qxb4 0-1

[Event "Live Chess"]
[Site "Chess.com"]
[Date "2023.05.20"]
[Round "-"]
[White "Hacker_2009"]
[Black "ViktorTheCoolBoy"]
[Result "1/2-1/2"]
[WhiteElo "1913"]
[BlackElo "2502"]
[TimeControl "300"]
[EndTime "13:14:51 PDT"]
[Termination "Game drawn by repetition"]

1. d4 d5 2. Nf3 Nf6 3. e3 Bf5 4. c4 e6 5. Nc3 c6 6. cxd5 exd5 7. Be2 Bd6 8. O-O O-O 9. b3 a5 10. Bb2 h6 11. Rc1 Nbd7 12. Na4 Qb8 13. Nc5 Re8 14. a4 b6 15. Nxd7 Bxd7 16. Ne5 Bxe5 17. dxe5 Ne4 18. Bf3 Nc5 19. Bd4 Ne6 20. Bb2 b5 21. Rb1 Ng5 22.
Be2 b4 23. Rc1 Ne6 24. f4 Qb6 25. Qd3 Bc8 26. Kh1 Ba6 27. Qd2 Bxe2 28. Qxe2 c5 29. Rfd1 Rad8 30. f5 Ng5 31. Qg4 Ne4 32. Rf1 Kh8 33.
e6 f6 34. Qg6 c4 35. Bd4 Qc6 36. bxc4 dxc4 37. Rf4 Qd5 38. Rxe4 Qxe4 39. Bxf6 gxf6 40. Qxh6+ Kg8 41. Qg6+ Kh8 42. Qh6+ Kg8 43. Qg6+ Kh8 44. Qh6+ 1/2-1/2

[Event "Live Chess"]
[Site "Chess.com"]
[Date "2023.05.20"]
[Round "-"]
[White "MarkLim1"]
[Black "KeithArkell"]
[Result "0-1"]
[WhiteElo "1661"]
[BlackElo "2613"]
[TimeControl "300"]
[EndTime "13:14:56 PDT"]
[Termination "KeithArkell won by resignation"]

1. d4 e6 2. Nf3 Nf6 3. e3 c5 4. Bd3 cxd4 5. exd4 Be7 6. O-O b6 7. c4 O-O 8. Nc3 d5 9. cxd5 Nxd5 10. Ne5 Bb7 11.
Qg4 Nd7 12. Bh6 Bf6 13. Rad1 Kh8 14. Qe4 g6 15. Bxf8 Bxe5 16. dxe5 Qxf8 17. Nxd5 Bxd5 18. Qe3 Qc5 19. Qxc5 Nxc5 20. b3 a5 21. Bc4 Bxc4 22.
bxc4 Rc8 23. Rd6 Na4 24. Rc1 b5 25. Ra6 bxc4 26. Rxa5 Nb2 27. Ra3 Rc5 28. f4 Kg7 29.
Rac3 Nd3 30. Rxc4 Ra5 31. R1c2 g5 32. g3 gxf4 33. gxf4 Kg6 34. Kf1 Kf5 35. Rc7 Kxf4 36. Rxf7+ Kxe5 37. Rxh7 Nf4 38. Rg7 Kf6 39. Rgc7 e5 40.
R7c5 Ra3 41. R5c3 Ra8 42. a3 Kf5 43. Rf2 Rb8 44. Rfc2 Rb1+ 45. Kf2 Rh1 46. Kg3 Rg1+ 47. Kf3 e4+ 48. Ke3 Nd5+ 49. Kd4 Rd1+ 50. Kc4 Nxc3 51.
Kxc3 Kf4 52. h4 e3 53. Re2 Kf3 54. Rh2 e2 55. Rh3+ Kg4 56. Rh2 e1=Q+ 0-1

[Event "Live Chess"]
[Site "Chess.com"]
[Date "2023.05.20"]
[Round "-"]
[White "LL220284LL"]
[Black "LozzaLoaf"]
[Result "1-0"]
[WhiteElo "2393"]
[BlackElo "241"]
[TimeControl "300"]
[EndTime "13:14:59 PDT"]
[Termination "LL220284LL won by checkmate"]

1. Nf3 e5 2. Nxe5 d6 3. Nf3 c5 4. d4 cxd4 5. Nxd4 Nc6 6. Nc3 Nxd4 7. Qxd4 Qd7 8. g3 b6 9. Bg2 a5 10. Bxa8 Bb7 11. Bxb7 Qxb7 12. O-O Nf6 13. Bf4 Ng4 14.
Nb5 Be7 15. Nxd6+ Bxd6 16. Qxd6 g6 17. Rad1 f5 18. Qe6+ Qe7 19. Qc8+ Qd8 20. Rxd8+ Kf7 21. Qd7+ Kf6 22. Qd6+ Kg7 23. Rd7+ Kg8 24. Qe6+ Kf8 25. Qf7# 1-0

[Event "Live Chess"]
[Site "Chess.com"]
[Date "2023.05.20"]
[Round "-"]
[White "EdvancedChess"]
[Black "JoshMcK"]
[Result "0-1"]
[WhiteElo "1886"]
[BlackElo "1593"]
[TimeControl "300"]
[EndTime "13:15:13 PDT"]
[Termination "JoshMcK won by resignation"]

1. e4 c6 2. Nf3 d5 3. exd5 cxd5 4. d4 Nf6 5. Bd3 Bg4 6. c3 e6 7.
O-O Be7 8. Bg5 O-O 9. Nbd2 Nc6 10. Qb3 b6 11. Rfe1 Qd6 12. Bb5 Rac8 13. Ne5 Nxe5 14. dxe5 Qc7 15. exf6 Bxf6 16. Bxf6 gxf6 17. Be2 Bxe2 18.
Rxe2 Qf4 19. Nf3 Kh8 20. Rae1 Rg8 21. Kh1 Qg4 22. Rg1 e5 23. Qxd5 Rcd8 24. Qe4 Qxe4 25. Rxe4 Rd7 26. Rge1 Rgd8 27. h3 Rd1 28. Nh4 Rxe1+ 29.
Rxe1 Rd2 30. Rb1 Rxf2 31. Nf3 e4 32. Kg1 e3 33. Ne1 Rd2 34. Nf3 Rc2 35. Nd4 Rd2 36.
Nc6 e2 37. Kf2 Rd1 38. Kxe2 Rxb1 39. Nxa7 Rxb2+ 40. Kf3 Rxa2 41. Nc6 Rc2 42. Nd8 Rxc3+ 43. Kf4 Kg7 0-1

[Event "Live Chess"]
[Site "Chess.com"]
[Date "2023.05.20"]
[Round "-"]
[White "NAZRIZ1977"]
[Black "gmnorfolk"]
[Result "0-1"]
[WhiteElo "2057"]
[BlackElo "2064"]
[TimeControl "300"]
[EndTime "13:15:29 PDT"]
[Termination "gmnorfolk won by resignation"]

1. d4 Nf6 2. Nc3 d5 3. Bf4 e6 4. e3 c5 5. Nb5 Na6 6. c3 cxd4 7. exd4 Be7 8. a4 O-O 9. Bd3 Bd7 10. Nf3 Ne4 11.
O-O Bc6 12. Re1 Nd6 13. Ne5 Be8 14. Re3 Nxb5 15. axb5 Nc7 16. Rh3 g6 17. Bh6 Bxb5 18.
Bxf8 Bxf8 19. Qf3 Be8 20. Ng4 Bg7 21. Nh6+ Kf8 22. Re1 Qg5 23. Ng4 Kg8 24. Ne5 Qe7 25. Qg3 f6 26. Nf3 Bf7 27. Qh4 h5 28. g4 g5 29. Qg3 h4 30. Nxh4 gxh4 31. Qxh4 a5 32. f4 Qd6 33. g5 f5 34. Qh7+ Kf8 35. g6 Bg8 36. Qh5 Qd7 37. Rhe3 a4 38. Qg5 Qd8 39.
Qg3 a3 40. bxa3 Rxa3 41. Bb1 b5 42. Rd1 b4 43. cxb4 Rxe3 44. Qxe3 Nb5 45. Kg2 Qb6 46.
h4 Bxd4 47. Qd2 Be3 48. Qa2 Bxf4 49. Bd3 Nc3 50. Qa8+ Kg7 51. Re1 Qxb4 52. h5 Ne4 53. Qa7+ Kh6 54. Qa1 Qd2+ 55. Be2 Qe3 56. Qh8+ Kg5 0-1

[Event "Live Chess"]
[Site "Chess.com"]
[Date "2023.05.20"]
[Round "-"]
[White "ViktorTheCoolBoy"]
[Black "whitedjohn"]
[Result "1-0"]
[WhiteElo "2502"]
[BlackElo "1645"]
[TimeControl "300"]
[EndTime "13:15:42 PDT"]
[Termination "ViktorTheCoolBoy won by resignation"]

1. d4 Nf6 2. c4 c5 3. d5 e6 4. Nc3 exd5 5. cxd5 d6 6. e4 g6 7. Nf3 Bg7 8. h3 O-O 9. Bd3 a6 10. a4 b6 11. O-O Nbd7 12. Re1 Re8 13. Bf4 Nh5 14.
Bxd6 1-0

[Event "Live Chess"]
[Site "Chess.com"]
[Date "2023.05.20"]
[Round "-"]
[White "BillythekidFellowes"]
[Black "Goblinbasher"]
[Result "1-0"]
[WhiteElo "2035"]
[BlackElo "1217"]
[TimeControl "300"]
[EndTime "13:15:44 PDT"]
[Termination "BillythekidFellowes won on time"]

1. e4 c5 2. Nf3 e6 3. c3 d5 4. exd5 exd5 5. d4 c4 6. Bg5 f6 7. Bf4 Bd6 8. Bxd6 Qxd6 9. Nbd2 Bg4 10. Be2 Nd7 11. O-O Ne7 12. h3 Be6 13. Re1 O-O 14. Bf1 Ng6 15. b3 b5 16. a4 a6 17. axb5 axb5 18. bxc4 bxc4 19. Qc2 Ne7 20. g3 Nf5 21. Kg2 Ne7 22. Rab1 Bf5 23. Ne4 Bxe4 24. Rxe4 dxe4 25. Bxc4+ Kh8 26. Qxe4 f5 27. Qh4 Ng6 28. Qh5 Qf6 29. Ng5 Nf4+ 30. gxf4 Qg6 31.
Bf7 Rxf7 32. Qxg6 Kg8 33. Qxf7+ 1-0

[Event "Live Chess"]
[Site "Chess.com"]
[Date "2023.05.20"]
[Round "-"]
[White "Long1968"]
[Black "PiotrD11"]
[Result "0-1"]
[WhiteElo "1183"]
[BlackElo "1351"]
[TimeControl "300"]
[EndTime "13:15:45 PDT"]
[Termination "PiotrD11 won on time"]

1. e4 d5 2. exd5 Nf6 3. Bb5+ Bd7 4. Bc4 c6 5. dxc6 Nxc6 6. Nf3 e6 7. d4 Bd6 8. O-O O-O 9. Nc3 Qc7 10. h3 Nb4 11. Bb3 a5 12. a3 Nbd5 13. Nxd5 Nxd5 14. Re1 a4 15. Ba2 Rac8 16. c4 Nf6 17. c5 Be7 18. Ne5 Bc6 19. Bf4 Nd5 20. Bh2 Bf6 21. Ng6 Qd8 22. Nxf8 Qxf8 23. Be5 Rd8 24. Qd2 Bxe5 25.
Rxe5 Qe7 26. Rae1 Kh8 27. Bxd5 Bxd5 28. Qf4 f6 29. R5e3 Bc6 0-1

[Event "Live Chess"]
[Site "Chess.com"]
[Date "2023.05.20"]
[Round "-"]
[White "gregor1903"]
[Black "matt1979"]
[Result "1-0"]
[WhiteElo "1568"]
[BlackElo "1462"]
[TimeControl "300"]
[EndTime "13:15:53 PDT"]
[Termination "gregor1903 won by resignation"]

1. e4 c5 2. d4 cxd4 3. c3 Nf6 4. e5 Nd5 5. cxd4 Nc6 6. Nf3 d6 7. Bc4 Nb6 8. Bb3 dxe5 9. dxe5 Qxd1+ 10. Bxd1 Bg4 11. Bf4 O-O-O 12. Nc3 e6 13. O-O h6 14. Re1 g5 15. Bg3 Bg7 16. Nb5 Bf8 17. Rc1 a6 18. Na7+ Kc7 19. Nxc6 bxc6 20. h3 Bxf3 21. Bxf3 Bb4 22.
Rxc6+ Kd7 23. Rd1+ Ke7 24. Rxd8 Rxd8 25. Rxb6 Bc5 26.
Rxa6 h5 27. h4 g4 28. Be4 Rd1+ 29. Kh2 Rd2 30. f3 gxf3 31. Bxf3 Rxb2 32. Bxh5 1-0

[Event "Live Chess"]
[Site "Chess.com"]
[Date "2023.05.20"]
[Round "-"]
[White "anatoliy10912"]
[Black "DerbyKnight"]
[Result "0-1"]
[WhiteElo "1556"]
[BlackElo "1564"]
[TimeControl "300"]
[EndTime "13:16:08 PDT"]
[Termination "DerbyKnight won by resignation"]

1. d4 d5 2. c4 e6 3. Nc3 Nf6 4. e3 a6 5. Nf3 dxc4 6. Bxc4 b5 7. Bb3 c5 8. dxc5 Qxd1+ 9. Nxd1 Bxc5 10. a3 Bb7 11. Ke2 O-O 12. Bd2 Nbd7 13. Bc3 Nd5 14.
Bd4 Be7 15. Nc3 Nxc3+ 16. bxc3 Nc5 17. Ba2 Be4 18. Rhd1 Na4 19. Rd2 Rac8 20. Bb3 Nxc3+ 21. Bxc3 Rxc3 22. Bd1 Rd8 23. Rxd8+ Bxd8 24. Nd4 h6 25. f3 Bd5 26. Kd2 Rc8 27. e4 Bc4 28. Be2 Bb6 29.
Bxc4 Rxc4 30. Nb3 Kf8 31. Rc1 Rxc1 32. Nxc1 Ke7 33. Nd3 Kd6 34. Nb4 Kc5 35. Kd3 a5 36. Nc2 b4 37. a4 b3 38. Na3 Kb4 39. Nc4 Bd8 40. e5 Bg5 41. Nd6 Kxa4 42. Kc3 Ka3 43.
Nc4+ Ka2 44. Nb2 Bc1 45. Nd3 b2 0-1

[Event "Live Chess"]
[Site "Chess.com"]
[Date "2023.05.20"]
[Round "-"]
[White "Jonmill"]
[Black "Bill0007"]
[Result "0-1"]
[WhiteElo "1237"]
[BlackElo "1518"]
[TimeControl "300"]
[EndTime "13:16:09 PDT"]
[Termination "Bill0007 won by resignation"]

1. e4 d5 2. exd5 Nf6 3. d4 Nxd5 4. Nf3 Bg4 5. c4 Nf6 6. h3 Bh5 7. Be3 Nc6 8. Qb3 Bxf3 9. gxf3 Nxd4 10. Qc3 Nxf3+ 0-1

[Event "Live Chess"]
[Site "Chess.com"]
[Date "2023.05.20"]
[Round "-"]
[White "McSlash1"]
[Black "Missedidea"]
[Result "0-1"]
[WhiteElo "2045"]
[BlackElo "1795"]
[TimeControl "300"]
[EndTime "13:16:22 PDT"]
[Termination "Missedidea won by resignation"]

1. e4 c5 2. Nf3 d6 3. d4 cxd4 4. Nxd4 Nf6 5. Nc3 g6 6. Be3 Bg7 7. f3 O-O 8. Qd2 Nc6 9. Bc4 Bd7 10. O-O-O Rc8 11. Bb3 Ne5 12. h4 h5 13. Bg5 Nc4 14. Bxc4 Rxc4 15. g4 hxg4 16. h5 Nxh5 17. Rxh5 Rxd4 18.
Qh2 Rxd1+ 19. Kxd1 gxh5 20. Qxh5 f6 21. Be3 Qe8 22. Qh4 Qg6 23. Nd5 Kf7 24. f4 Qxe4 25. c4 Rh8 26. Qg3 Rh3 27. Qf2 Rh1+ 28. Kd2 Qxc4 29.
Nc3 f5 30. Kc2 Bxc3 31. bxc3 Qxa2+ 0-1

[Event "Live Chess"]
[Site "Chess.com"]
[Date "2023.05.20"]
[Round "-"]
[White "tehanu"]
[Black "Greenbecker"]
[Result "0-1"]
[WhiteElo "1157"]
[BlackElo "1628"]
[TimeControl "300"]
[EndTime "13:16:24 PDT"]
[Termination "Greenbecker won by resignation"]

1. e4 e6 2. d4 d5 3. e5 c5 4. c3 Nc6 5. Nf3 cxd4 6. cxd4 Bd7 7. Nc3 Rc8 8. Be2 Bb4 9. O-O Nge7 10. Bd2 Nf5 11. Be3 Nxe3 12. fxe3 Qe7 13. Bd3 g6 14. Qe1 h5 15. Qh4 Qxh4 16. Nxh4 Bxc3 17. bxc3 Ne7 18. Rac1 O-O 19. c4 dxc4 20. Rxc4 Rxc4 21. Bxc4 Rc8 22. Bb3 Bc6 23. Nf3 Nd5 24. Ng5 Nxe3 25. Rxf7 Bd5 26. Bxd5 exd5 27. Rf6 Rc1+ 28. Kf2 Ng4+ 29. Kg3 Nxf6 30. exf6 Rc2 31. Ne6 Kf7 32. Nf4 Kxf6 33. Nxd5+ Ke6 34. Nf4+ Kf7 35. d5 Rxa2 36.
Nd3 Rd2 37. Nb4 Rd4 38. Nc2 Rxd5 39. Ne3 Rc5 40. Kf4 b5 41. g4 hxg4 42. Nxg4 Rc4+ 43.
Kg5 Rxg4+ 44. Kxg4 a5 0-1

[Event "Live Chess"]
[Site "Chess.com"]
[Date "2023.05.20"]
[Round "-"]
[White "kevinmilleruk"]
[Black "boilerboy1"]
[Result "1-0"]
[WhiteElo "1143"]
[BlackElo "1036"]
[TimeControl "300"]
[EndTime "13:16:27 PDT"]
[Termination "kevinmilleruk won on time"]

1. c4 g6 2. d4 Bg7 3. Nc3 c5 4.
dxc5 Qa5 5. Bd2 Qxc5 6. Nf3 Qxc4 7.
e4 Qc7 8. g3 a6 9. Bg2 Nf6 10.
O-O O-O 11. Bg5 Nc6 12. Bxf6 Bxf6 13. Nd5 Qd6 14. a3 Bxb2 15. Ra2 Bg7 16. a4 a5 17. Nh4 Nb4 18. Rd2 Qc5 19. Re1 Nxd5 20. Rxd5 Qb4 21.
Bh3 e6 22. Rb5 Qd4 23. Nf3 Qc3 24. e5 Ra7 25. Bg2 d6 26. exd6 Bd7 27. Rb3 Qc5 28. Nh4 Bxa4 29. Ree3 Bxb3 30. Rxb3 b6 31. Nf3 Rd7 32.
Ne1 Rxd6 33. Qf3 Qc1 34. Kf1 Rd1 35. Re3 1-0

[Event "Live Chess"]
[Site "Chess.com"]
[Date "2023.05.20"]
[Round "-"]
[White "raminguy"]
[Black "LanceMaster23"]
[Result "1-0"]
[WhiteElo "1968"]
[BlackElo "1861"]
[TimeControl "300"]
[EndTime "13:16:35 PDT"]
[Termination "raminguy won on time"]

1. d4 Nf6 2. Nc3 d5 3. Bf4 Bf5 4. e3 e6 5. Nf3 Be7 6. Ne5 c6 7. g4 Bg6 8. h4 h6 9. Nxg6 fxg6 10. Qd3 Kf7 11. h5 g5 12. Qg6+ Kf8 13. Be5 Qe8 14. Bxf6 Bxf6 15. Qd3 e5 16. dxe5 Qxe5 17. O-O-O b5 18. Re1 Nd7 19. Bg2 b4 20. Nd1 Nc5 21.
Qe2 Na4 22. f4 gxf4 23. exf4 Qxf4+ 24. Kb1 Qd4 25. Rhf1 Nc5 26. Rf5 Kf7 27. Qe7+ Kg8 28. Rxf6 Qxf6 29. Qxc5 Kh7 30. Rf1 Qe6 31. Qxb4 Rhe8 32.
Qc3 Qe2 33. Qd3+ Qxd3 34. cxd3 Re2 35. Bf3 Re6 36. Nc3 Rb8 37. Na4 d4 38. Nc5 Rf6 39.
Be4+ Kg8 40. Rc1 Rbf8 41. Nd7 Rf1 42. Nxf8 Rxf8 43. Rxc6 Rf1+ 44. Rc1 Rf4 45. Rc8+ Kf7 46. Rc7+ Ke6 47. Bf5+ Kf6 48. Rxa7 1-0

[Event "Live Chess"]
[Site "Chess.com"]
[Date "2023.05.20"]
[Round "-"]
[White "Leonid_Starozhilov"]
[Black "Pablo_dmp"]
[Result "1-0"]
[WhiteElo "2637"]
[BlackElo "1887"]
[TimeControl "300"]
[EndTime "13:16:44 PDT"]
[Termination "Leonid_Starozhilov won by resignation"]

1. e4 c6 2. d4 d5 3. e5 c5 4. Nf3 cxd4 5. Qxd4 Nc6 6. Qf4 e6 7. Nc3 Nge7 8. Bd3 Ng6 9. Bxg6 hxg6 10. a3 Qc7 11. Be3 Be7 12. h4 Bd7 13. O-O-O Na5 14. Ng5 Bxg5 15. hxg5 Rxh1 16. Rxh1 O-O-O 17. Qxf7 Nc4 18. Qxg7 Be8 19. Qxc7+ Kxc7 20. Rh7+ Rd7 21. Rxd7+ Kxd7 22. Bd4 a6 23. Ne2 Kc6 24. Nf4 Bf7 25. Nd3 b5 26.
f4 Be8 27. b3 Na5 28. Bc3 Nb7 29. Nb4+ Kb6 30. Bd4+ Ka5 31. Nd3 b4 32. axb4+ Kb5 33. g4 Bd7 34. Kb2 Bc8 35. Ka3 Bd7 36. Nb2 a5 37. c4+ dxc4 38. bxc4+ Ka6 39. b5+ 1-0

[Event "Live Chess"]
[Site "Chess.com"]
[Date "2023.05.20"]
[Round "-"]
[White "SavagePawn7"]
[Black "reshmiramachandran"]
[Result "1-0"]
[WhiteElo "796"]
[BlackElo "507"]
[TimeControl "300"]
[EndTime "13:16:48 PDT"]
[Termination "SavagePawn7 won by checkmate"]

1. e4 c5 2. d4 cxd4 3. c3 dxc3 4. Nxc3 e5 5. Bc4 Nf6 6. Nf3 Nc6 7. Bg5 h6 8. Bxf6 Qxf6 9. O-O Bc5 10. Nd5 Qd8 11. Rc1 d6 12. Re1 O-O 13. Qe2 Bg4 14. h3 Bh5 15. g4 Bg6 16. h4 Nd4 17. Nxd4 Bxd4 18. h5 Bh7 19. Qf3 Qh4 20. Ne7+ Qxe7 21. Bb3 Qh4 22. Re2 Rac8 23. Rec2 Rxc2 24. Rxc2 Qg5 25. Rc7 b5 26. Rxf7 Rxf7 27. Qxf7+ Kh8 28. Qf8+ Bg8 29. Qxg8# 1-0

[Event "Live Chess"]
[Site "Chess.com"]
[Date "2023.05.20"]
[Round "-"]
[White "ossie57"]
[Black "Sacbutt"]
[Result "1-0"]
[WhiteElo "1944"]
[BlackElo "2184"]
[TimeControl "300"]
[EndTime "13:16:49 PDT"]
[Termination "ossie57 won on time"]

1. d4 Nf6 2. Nc3 d5 3. Bf4 Bf5 4. e3 e6 5. a3 a6 6. f3 Be7 7. g4 Bg6 8. h4 h5 9. g5 Nfd7 10. Qd2 c5 11. Bd3 Bxd3 12. Qxd3 g6 13. O-O-O Nc6 14.
Nge2 O-O 15. e4 cxd4 16. Nxd4 Nxd4 17. Qxd4 Bc5 18. Qd2 d4 19. Na4 Ba7 20. e5 b5 21.
Nc3 Qc7 22. Ne4 Rfd8 23. Nf6+ Nxf6 24. exf6 Qc4 25. b3 Qc5 26. Kb2 Rac8 27. Qd3 a5 28.
Rhe1 Rd5 29. Bd2 b4 30. a4 Rf5 31. f4 Qc6 32. Re2 Rc5 33. Rc1 Rf5 34. Qe4 Qc7 35.
Be1 Rd5 36. Qd3 Qd6 37. Bg3 Qc6 38. Rd2 Qc3+ 39. Kb1 Qxd3 40. Rxd3 Rdc5 41. Rd2 Rc3 42. Bf2 d3 43. Bxa7 dxc2+ 44. Rdxc2 Rxb3+ 45. Ka2 1-0

[Event "Live Chess"]
[Site "Chess.com"]
[Date "2023.05.20"]
[Round "-"]
[White "Jo1ts"]
[Black "WelshTiger"]
[Result "0-1"]
[WhiteElo "729"]
[BlackElo "2413"]
[TimeControl "300"]
[EndTime "13:17:03 PDT"]
[Termination "WelshTiger won by resignation"]

1. d4 e6 2. Bf4 c5 3. c3 cxd4 4. cxd4 Qb6 5. Qd2 d5 6. Nf3 Nc6 7. b3 Nf6 8. Nc3 Bb4 9. e3 Ne4 10. Qd3 Bxc3+ 11. Nd2 Bxd2+ 0-1

[Event "Live Chess"]
[Site "Chess.com"]
[Date "2023.05.20"]
[Round "-"]
[White "OleksiyJr1"]
[Black "chessleanstrategist"]
[Result "1-0"]
[WhiteElo "963"]
[BlackElo "398"]
[TimeControl "300"]
[EndTime "13:17:12 PDT"]
[Termination "OleksiyJr1 won by resignation"]

1. e4 d6 2. Nf3 Nf6 3. Nc3 g6 4. d4 Nc6 5. e5 dxe5 6. Nxe5 Nxe5 7. dxe5 Nd7 8. Bb5 c6 9. Bc4 Nxe5 10. Qxd8+ Kxd8 11. Bf4 Nxc4 12. O-O-O+ Nd6 13. Rd2 Ke8 14. Re1 e6 15. Bxd6 Bxd6 16. Rxd6 Ke7 17. Rd4 Rd8 18. Rde4 f5 19. Re5 b5 20. h3 Bb7 21. g4 fxg4 22.
hxg4 Rd5 23. Nxd5+ cxd5 24. Rxe6+ Kd7 25. Re7+ Kc6 26.
Rxh7 Rd8 27. Re6+ Rd6 28. Rxd6+ Kxd6 29. Rxb7 Ke5 30. Rxa7 Kf4 31. Ra6 Kxg4 32. Rxg6+ Kf4 33. Rd6 Kf3 34. Rxd5 Kxf2 35. Rxb5 Ke3 36. c4 Kd4 37. c5 Kc4 38. c6 Kxb5 39. c7 Kb6 40. c8=Q 1-0

[Event "Live Chess"]
[Site "Chess.com"]
[Date "2023.05.20"]
[Round "-"]
[White "lightningorderyt"]
[Black "LiamBellwood"]
[Result "0-1"]
[WhiteElo "524"]
[BlackElo "2056"]
[TimeControl "300"]
[EndTime "13:17:13 PDT"]
[Termination "LiamBellwood won by resignation"]

1. d4 e6 2. e4 d5 3. Nc3 Nf6 4.
e5 Ng8 5. Nf3 c5 6. Be3 Nc6 7.
Bb5 Bd7 8. dxc5 Qa5 9. O-O Nge7 10. a3 Nf5 11. Bf4 Qc7 12. b4 Be7 13. Ne2 O-O 14. c4 a6 15. Bxc6 Bxc6 16. Nc3 dxc4 17. Qc2 Bxf3 18.
gxf3 Nd4 19. Qd2 Nxf3+ 0-1

[Event "Live Chess"]
[Site "Chess.com"]
[Date "2023.05.20"]
[Round "-"]
[White "VovaOvchar1990"]
[Black "f4nomore"]
[Result "0-1"]
[WhiteElo "1213"]
[BlackElo "1369"]
[TimeControl "300"]
[EndTime "13:17:34 PDT"]
[Termination "f4nomore won on time"]

1. e4 g6 2. Bc4 Bg7 3. Qf3 e6 4. Nc3 d6 5. Nge2 Bd7 6. d3 Ne7 7. O-O O-O 8. h3 c6 9. d4 d5 10. exd5 cxd5 11. Bd3 Nbc6 12. Nd1 Nxd4 13. Nxd4 Bxd4 14.
Bg5 Bg7 15. Ne3 f6 16. Bh4 Qb6 17. b3 Bc6 18. Ng4 d4 19. Qg3 Nf5 20. Qf4 Nxh4 21. Nh6+ Bxh6 22. Qxh6 Nf5 23. Bxf5 exf5 24. h4 Qd8 25. h5 Qd5 26. f3 Be8 27. Rae1 Bf7 28. Re7 d3 29. cxd3 Qd4+ 30. Kh1 Qh4+ 31. Kg1 Qxh5 32.
Qf4 Qg5 33. Qd4 b6 34. Qd7 Qd2 35. Qb7 Rad8 36. Qxa7 Qxd3 37. a4 Qd4+ 38. Kh1 Qb4 39. Qc7 Qd6 40. Qb7 Rb8 41. Qa7 Ra8 42. Qb7 Rab8 43. Qa7 Rbc8 44. b4 Rcd8 45. b5 Qd4 46. Qc7 Qh4+ 47. Kg1 Qd4+ 48. Kh2 Qd6+ 49. Qxd6 Rxd6 0-1

[Event "Live Chess"]
[Site "Chess.com"]
[Date "2023.05.20"]
[Round "-"]
[White "Man-Del-Brot"]
[Black "SupremeTactician"]
[Result "0-1"]
[WhiteElo "1070"]
[BlackElo "2366"]
[TimeControl "300"]
[EndTime "13:17:34 PDT"]
[Termination "SupremeTactician won by checkmate"]

1. d4 Nf6 2. Nf3 e6 3. Bf4 Be7 4. e3 O-O 5. Nbd2 b6 6. c3 Bb7 7. Be2 d6 8. h3 Nbd7 9. Qc2 Re8 10. O-O-O Nf8 11. g4 Nd5 12. Bg3 c5 13. e4 Nc7 14. dxc5 bxc5 15. Nc4 d5 16. exd5 exd5 17. Bxc7 Qxc7 18. Ne3 Rad8 19. Bb5 Bc6 20. Bxc6 Qxc6 21. Ne5 Qe6 22. f4 f6 23. Nd3 Qxe3+ 24. Kb1 c4 25.
Nf2 Bc5 26. Rhf1 d4 27. Rde1 Qxe1+ 28. Rxe1 Rxe1+ 29. Nd1 d3 30. Qa4 Rde8 31. Qxc4+ Kh8 32. Qxd3 Bb6 33. a3 Rd8 34. Qxd8 Bxd8 35. Kc2 Rxd1 36. Kxd1 Ne6 37. Kc2 Nxf4 38. Kd2 Nxh3 39. Ke3 Ng5 40. Kf4 Bc7+ 41. Kf5 Be5 42. b4 g6# 0-1